 Dungeon Crawl Stone Soup version 0.22-a0-445-g8c8ef71 (webtiles) character file.

106666 4thArraOfDagon the Minotaur Blade (level 15, -18/135 HPs)
             Began as a Minotaur Monk on June 2, 2018.
             Was a High Priest of Nemelex Xobeh.
             Shot with an arrow by a deep elf master archer (39 damage)
             ... on level 3 of the Elven Halls.
             The game lasted 01:13:11 (13250 turns).

4thArraOfDagon the Minotaur Blade (Minotaur Monk)  Turns: 13250, Time: 01:13:12

Health: -18/135    AC: 10    Str: 18    XL:     15   Next: 98%
Magic:  18/21      EV: 21    Int: 15    God:    Nemelex Xobeh [*****.]
Gold:   1656       SH:  3    Dex: 22    Spells: 17/20 levels left

rFire    + + .     SeeInvis .   t - +10 triple sword "Jutoporph" {protect, *Corrode rPois rC+ MR+ Stlth+}
rCold    + . .     Gourm    .   (shield currently unavailable)
rNeg     . . .     Faith    .   R - +1 troll leather armour
rPois    +         Spirit   .   B - +2 hat {MR+}
rElec    .         Reflect  +   y - +2 cloak {rF+}
rCorr    +         Harm     .   (no gloves)
MR       ++++.     Clarity  +   (no boots)
Stlth    +++.......             Y - amulet "Bitron" {Reflect MR- Dex+6 SH+3}
HPRegen  1.72/turn              z - ring of the Mage {Wiz MR++ Int+3}
MPRegen  0.17/turn              i - ring of Dithmenos's Pride {rCorr rPois Dex+6}

@: regenerating
A: retaliatory headbutt, horns 2, talons 1, clarity, clumsy 1, fire resistance 1
a: Triple Draw, Deal Four, Stack Five, Renounce Religion


You were on level 3 of the Elven Halls.
You worshipped Nemelex Xobeh.
Nemelex Xobeh was extremely pleased with you.
You were not hungry.

You visited 4 branches of the dungeon, and saw 26 of its levels.
You also visited: Ice Cave, Volcano and Wizlab.

You collected 2617 gold pieces.
You spent 961 gold pieces at shops.

Inventory:

Hand Weapons
 q - a +5 scimitar of flaming
 t - the +10 triple sword "Jutoporph" (weapon) {protect, *Corrode rPois rC+ MR+ Stlth+}
   (You acquired it on level 6 of the Lair of Beasts)

   It protects the one who uses it against injury (+AC on strike).
   It protects you from cold.
   It protects you from poison.
   It affects your resistance to hostile enchantments.
   It may corrode you when you take damage.
   It makes you more stealthy.
 A - the +1 scimitar of Causality {flame, rElec MR+}
   (You found it on level 4 of the Lair of Beasts)

   It has been specially enchanted to burn those struck by it, causing extra
   injury to most foes and up to half again as much damage against particularly
   susceptible opponents.
   Big, fiery blades are also staple armaments of hydra-hunters.
   It insulates you from electricity.
   It affects your resistance to hostile enchantments.
Missiles
 E - a throwing net (quivered)
Armour
 y - a +2 cloak of fire resistance (worn)
 B - a +2 hat of magic resistance (worn)
 R - a +1 troll leather armour (worn)
Magical Staves
 J - an uncursed staff of power {!a}
Jewellery
 i - the ring of Dithmenos's Pride (right hand) {rCorr rPois Dex+6}
   (You found it on level 4 of the Lair of Beasts)

   [ring of resist corrosion]

   It affects your dexterity (+6).
   It protects you from poison.
 j - an uncursed ring of positive energy
 z - the ring of the Mage (left hand) {Wiz MR++ Int+3}
   (You took it off a deep elf elementalist on level 3 of the Elven Halls)

   [ring of wizardry]

   It improves your spell success rate.
   It affects your intelligence (+3).
   It affects your resistance to hostile enchantments.
 H - an uncursed ring of protection from magic
 Y - the amulet "Bitron" (around neck) {Reflect MR- Dex+6 SH+3}
   (You took it off a meliai on level 14 of the Dungeon)

   [amulet of reflection]

   It shields you and reflects attacks.
   It affects your dexterity (+6).
   It affects your resistance to hostile enchantments.
   It affects your SH (+3).
Wands
 P - a wand of paralysis (26)
 Q - a wand of iceblast (11)
Scrolls
 a - a scroll of brand weapon
 b - a scroll of immolation
 f - 10 scrolls of teleportation
 h - 6 scrolls of remove curse
 l - 6 scrolls of amnesia
 r - 3 scrolls of fog
 F - 3 scrolls of fear
 T - a scroll of holy word
Potions
 d - 5 potions of curing
 e - 4 potions of heal wounds
 g - a potion of ambrosia
 o - 2 potions of resistance
 p - 4 potions of might
 s - a potion of flight
 w - a potion of brilliance {unknown}
 C - a potion of lignification
 K - 2 potions of agility
 N - 3 potions of cancellation
 O - 5 potions of haste
 U - 2 potions of mutation
Miscellaneous
 k - an ornate deck of destruction
 m - an ornate deck of summoning {drawn: 7}
 n - an ornate deck of summoning
 u - an ornate deck of escape
 v - a legendary deck of destruction {the Orb, left: 3}
 x - an ornate deck of destruction {the Orb, left: 4}
 D - an ornate deck of escape {the Elixir, left: 5}
 G - an ornate deck of destruction {Degeneration, left: 5}
 L - a legendary deck of summoning {the Illusion, left: 5}
 M - an ornate deck of destruction {drawn: 3}
 S - a legendary deck of destruction {the Orb, left: 4}
 W - an ornate deck of destruction {the Orb, left: 5}
 X - an ornate deck of summoning
 Z - an ornate deck of escape {the Tomb, left: 5}
Comestibles
 c - 41 rations
 V - 4 chunks of flesh


   Skills:
 - Level 13.0 Fighting
 * Level 23.0 Long Blades
 - Level 10.4 Dodging
 - Level 1.5 Stealth
 - Level 3.0 Spellcasting
 - Level 4.0 Charms
 - Level 4.1 Necromancy
 - Level 10.4 Invocations


You had 17 spell levels left.
You knew the following spells:

 Your Spells              Type           Power        Failure   Level  Hunger
a - Regeneration          Chrm/Necr      ##........   5%          3    ###....

Your spell library contained the following spells:

 Spells                   Type           Power        Failure   Level  Hunger
 Magic Dart               Conj           #...         10%         1    #......
 Bolt of Magma            Conj/Fire/Erth #.........   92%         5    ######.
 Throw Frost              Conj/Ice       #.....       14%         2    ##.....
 Venom Bolt               Conj/Pois      #.........   92%         5    ######.
 Bolt of Draining         Conj/Necr      #.........   69%         5    ######.
 Iskenderun's Mystic Bla  Conj           #.......     65%         4    #####..
 Animate Dead             Necr           N/A          16%         4    #####..
 Freeze                   Ice            #...         10%         1    #......
 Summon Ice Beast         Ice/Summ       #.......     65%         4    #####..
 Ozocubu's Armour         Chrm/Ice       #.......     12%         3    ###....
 Dispel Undead            Necr           ##......     41%         5    ######.
 Corpse Rot               Necr           N/A          2%          2    ##.....
 Iron Shot                Conj/Erth      #.........   100%        6    #######
 Stone Arrow              Conj/Erth      #.....       26%         3    ###....
 Throw Icicle             Conj/Ice       #.......     65%         4    #####..
 Orb of Destruction       Conj           #.........   100%        7    #######
 Leda's Liquefaction      Hex/Erth       #.........   65%         4    #####..
 Summon Hydra             Summ           #.........   100%        7    #######
 Shroud of Golubria       Chrm/Tloc      #.........   6%          2    ##.....
 Iskenderun's Battlesphe  Conj/Chrm      #.......     71%         5    ######.
 Fulminant Prism          Conj/Hex       #.........   65%         4    #####..
 Dazzling Spray           Conj/Hex       #.....       26%         3    ###....
 Force Lance              Conj/Tloc      #.......     65%         4    #####..
 Infusion                 Chrm           ##..         1%          1    #......
 Song of Slaying          Chrm           ##......     2%          2    ##.....
 Spectral Weapon          Hex/Chrm       #.......     12%         3    ###....
 Searing Ray              Conj           #.....       14%         2    ##.....
 Summon Forest            Summ/Tloc      #.........   92%         5    ######.
 Spellforged Servitor     Conj/Summ      #.........   100%        7    #######
 Hydra Form               Tmut           #.........   100%        6    #######
 Poisonous Vapours        Pois/Air       #.....       14%         2    ##.....


Dungeon Overview and Level Annotations

Branches:
Dungeon (15/15)            Temple (0/1) D:7            Lair (6/6) D:9
 Shoals (0/4) Lair:3        Slime (0/5) Lair:5          Orc (2/2) D:11
    Elf (3/3) Orc:2
  Snake: Lair:2-4    Spider: Lair:2-4    Vaults: D:13-14     Depths: D:15

Altars:
Fedhas
Hepliaklqana
Kikubaaqudgha
Makhleb
Nemelex Xobeh
Qazlal
Ru
Trog
Yredelemnul
Jiyva

Shops:
D:7 ?   D:8 =   D:13 =!:?*   D:14 (   Orc:1 =   Orc:2 (%([


Innate Abilities, Weirdness & Mutations

You reflexively headbutt those who attack you in melee.
You have a pair of horns on your head.
You have sharp toenails.
You possess an exceptional clarity of mind.
You are clumsy. (Dex -2)
Your flesh is heat resistant. (rF+)


Message History

4thArraOfDagon's illusion completely misses the deep elf master archer.
Unknown command.
Unknown command.
Unknown command.
Casting: Regeneration (safe; 5% risk of failure)
Confirm with . or Enter, or press ? or * to list all spells.
Your skin crawls.
Your hand axe of venom hits the deep elf master archer!
The deep elf master archer looks as sick as possible!
The deep elf master archer shoots an arrow.
You reflect the arrow off an invisible shield around you!
The arrow hits the deep elf master archer!
The deep elf high priest mumbles some strange prayers to its god against you.
The sphere of damnation explodes!
The damnation engulfs you!
* * * LOW HITPOINT WARNING * * *
The damnation engulfs your hand axe of venom.
The deep elf master archer shoots an arrow.
The arrow hits you!!
You die...
Your body glows with a rainbow of weird colours and disappears.

##.### ####...###*#.#,#
##...#####........##.#,,**
##)###....#..........#**,,*
#.#...#.#.#..........# **,,
#.#...#.#.#......###.# **,
#.#...#..........#(#.# **,,
##.###.##.#......###.##*,,*
##.......#(@.........#,,,*
#.##.#(.@)ee1#.##....,,,*
#.##.#.#####e#.#*####*,**
#.##......##§#=##*******
#.####.##.#..e§.#*,,,,*
#.#**#.....###e##,,,,,*
*..,,).##.#.1e##,,,**+*
****#####.#..e##,,**,,***
#.#...##,,*,,,,,,
##.###.#,,+,,,,⌠,


You could see an Ice Fiend, a deep elf master archer, a deep elf demonologist, a
deep elf high priest, a friendly hand axe of venom and the friendly
4thArraOfDagon's illusion.

Vanquished Creatures
  A deep elf blademaster (Elf:3)
  3 deep elf elementalists (Elf:3)
  A deep elf sorcerer (Elf:3)
  The ghost of dstrtnsr the Severer, a journeyman DDFi of Makhleb (Lair:6)
  A deep elf demonologist (Elf:3)
  Nessos (D:12)
  A deep elf annihilator (Elf:3)
  A deep elf death mage (Elf:3)
  An ettin (Orc:2)
  Snorg (D:12)
  A deep elf high priest (Elf:3)
  Erolcha (D:10)
  6 hydras
  3 ogre magi (Orc:2)
  2 catoblepae (Lair:6)
  17 two-headed ogres
  2 dancing weapons (Elf:1)
  3 death yaks (Lair:6)
  4 deep elf knights (Elf:3)
  A hell knight (Volcano)
  A salamander mystic (Volcano)
  7 deep elf archers (Elf:3)
  Pikel (D:8)
  A lindwurm (Lair:6)
  14 deep elf magi
  An ugly thing (D:12)
  2 manticores (Lair:6)
  2 orc sorcerers
  A wolf spider (Lair:6)
  2 elephants (Lair:6)
  5 salamanders (Volcano)
  Maurice (D:10)
  A guardian serpent (Orc:1)
  A torpor snail (Lair:6)
  6 black mambas
  13 spiny frogs
  2 rime drakes
  2 centaur skeletons
  3 komodo dragons
  2 trolls
  A queen bee (D:14)
  3 meliai (D:14)
  20 polar bears
  2 raiju (Lair:6)
  9 dream sheep
  10 blink frogs
  7 hippogriffs
  Sigmund (D:5)
  A shadow (D:12)
  A basilisk (Lair:5)
  2 wyverns
  19 yaks
  5 fire bats (Volcano)
  Eustachio (D:5)
  A human (shapeshifter) (D:13)
  2 nagas (Lair:2)
  6 wargs
  An acid dragon (D:13)
  9 water moccasins
  14 porcupines
  15 hell hounds (Lair:6)
  8 ice beasts
  A slave (D:8)
  11 orc warriors
  4 sky beasts
  13 black bears
  An eye of draining (D:15)
  2 phantoms
  A boggart (Orc:2)
  27 ogres
  28 wolves
  A centaur (D:14)
  4 crocodiles
  17 bullfrogs
  Blork the orc (D:6)
  A scorpion (D:9)
  31 killer bees
  2 howler monkeys (D:7)
  3 wights (D:8)
  6 jellies
  3 crimson imps
  A bullfrog zombie (D:13)
  3 centaur zombies
  5 lava snakes (Volcano)
  8 hounds
  A bullfrog skeleton (D:4)
  9 orc priests
  16 orc wizards
  6 iguanas
  Natasha (D:3)
  A hell rat (Lair:6)
  10 worker ants
  A worker ant zombie (D:11)
  A hound skeleton (D:10)
  5 adders
  A shadow imp (D:9)
  2 adder skeletons
  2 worms
  4 leopard geckos
  36 orcs
  5 bats
  7 giant cockroaches
  3 goblins
  6 hobgoblins
  11 jackals
  16 kobolds
  2 quokkas
  4 ball pythons
  4 frilled lizards
  A leopard gecko skeleton (D:4)
  A leopard gecko zombie (D:5)
  A quokka skeleton (D:8)
  6 rats
  2 plants (Lair:6)
597 creatures vanquished.

Vanquished Creatures (collateral kills)
  A deep elf blademaster (Elf:3)
  Gastronok (Orc:1)
  A frost giant (IceCv)
  A deep elf sorcerer (Elf:3)
  A stone giant (Orc:1)
  Azrael (D:12)
  A hydra (D:12)
  4 two-headed ogres
  An ogre mage (Orc:2)
  A death knight (D:13)
  2 skeletal warriors (D:13)
  A phantasmal warrior (D:13)
  A salamander (shapeshifter) (D:13)
  An ugly thing (D:11)
  A deep elf mage (Elf:3)
  A manticore (D:11)
  An ice statue (IceCv)
  2 gargoyles (D:13)
  A troll (D:10)
  4 polar bears (IceCv)
  Prince Ribbit (D:7)
  A meliai zombie (D:12)
  A wraith (D:13)
  2 yaks (IceCv)
  2 fire elementals (D:12)
  An acid dragon (D:12)
  Edmund (D:6)
  4 hell hounds (D:12)
  6 ice beasts (D:12)
  3 orc warriors (Orc:2)
  A sky beast (D:11)
  An ogre (Orc:2)
  3 wolves (IceCv)
  A crocodile (D:12)
  A bullfrog (D:12)
  2 wyvern zombies
  7 killer bees
  A howler monkey (D:6)
  Crazy Yiuf (D:7)
  4 orc priests
  3 orc wizards
  A worker ant (D:13)
  2 adders
  4 orcs
  2 jackals (D:9)
  2 kobolds (D:12)
86 creatures vanquished.

Vanquished Creatures (others)
  2 two-headed ogres (Orc:2)
  A cyclops (D:12)
  3 big kobolds
  2 scorpions (D:7)
  An adder (D:7)
  9 kobolds
  A fungus (Lair:6)
  5 plants (Lair:6)
24 creatures vanquished.

Grand Total: 707 creatures vanquished

Notes
Turn   | Place    | Note
-------+----------+-------------------------------------------
     0 | D:1      | 4thArraOfDagon the Minotaur Monk began the quest for the Orb.
     0 | D:1      | Reached XP level 1. HP: 19/19 MP: 0/0
    95 | D:1      | Reached skill level 4 in Long Blades
    95 | D:1      | Reached XP level 2. HP: 10/27 MP: 1/1
   377 | D:2      | Noticed an ogre
   386 | D:2      | Killed an ogre
   386 | D:2      | Reached skill level 5 in Long Blades
   386 | D:2      | Reached XP level 3. HP: 34/34 MP: 2/2
   386 | D:2      | Reached XP level 4. HP: 41/41 MP: 3/3
   576 | D:2      | Found a stormy altar of Qazlal.
   608 | D:3      | Noticed Natasha
   614 | D:3      | Killed Natasha
   614 | D:3      | Reached XP level 5. HP: 46/47 MP: 4/4
   718 | D:3      | Found a blossoming altar of Fedhas.
   728 | D:3      | Found a sparkling altar of Nemelex Xobeh.
   728 | D:3      | Found a sacrificial altar of Ru.
   728 | D:3      | Found a basalt altar of Yredelemnul.
   728 | D:3      | Found a hazy altar of Hepliaklqana.
   729 | D:3      | Found a bloodstained altar of Trog.
   742 | D:3      | Became a worshipper of Nemelex Xobeh the Trickster
   742 | D:3      | Received a gift from Nemelex Xobeh
   742 | D:3      | Received a gift from Nemelex Xobeh
   742 | D:3      | Reached * piety under Nemelex Xobeh
   742 | D:3      | Received a gift from Nemelex Xobeh
   742 | D:3      | Reached ** piety under Nemelex Xobeh
   839 | D:4      | Received a gift from Nemelex Xobeh
   903 | D:4      | Noticed an ogre
   912 | D:4      | Killed an ogre
   912 | D:4      | Reached skill level 5 in Fighting
   912 | D:4      | Reached skill level 6 in Long Blades
   912 | D:4      | Reached XP level 6. HP: 40/56 MP: 5/5
   990 | D:4      | Reached skill level 1 in Invocations
  1102 | D:5      | Entered Level 5 of the Dungeon
  1103 | D:5      | Noticed Eustachio
  1128 | D:5      | Killed Eustachio
  1128 | D:5      | Reached skill level 7 in Long Blades
  1128 | D:5      | Reached skill level 5 in Dodging
  1128 | D:5      | Reached XP level 7. HP: 22/61 MP: 7/7
  1186 | D:5      | Learned a level 3 spell: Regeneration
  1353 | D:5      | Noticed Sigmund
  1371 | D:5      | Killed Sigmund
  1453 | D:7      | Received a gift from Nemelex Xobeh
  1459 | D:7      | Noticed a soul eater
  1492 | D:7      | what
  1493 | D:7      | Reached skill level 1 in Necromancy
  1493 | D:7      | Reached skill level 1 in Charms
  1494 | D:7      | Noticed a sun demon
  1494 | D:7      | a soul eater changed into a sun demon
  1502 | D:7      | Reached XP level 8. HP: 23/70 MP: 8/8
  1530 | D:7      | Reached *** piety under Nemelex Xobeh
  1569 | D:7      | Reached skill level 1 in Spellcasting
  1716 | D:6      | Noticed Blork the orc
  1726 | D:6      | Killed Blork the orc
  1726 | D:6      | Reached skill level 8 in Long Blades
  1979 | D:6      | Found an ancient bone altar of Kikubaaqudgha.
  1979 | D:6      | Noticed Edmund
  1990 | D:6      | Killed Edmund
  2032 | D:6      | Received a gift from Nemelex Xobeh
  2118 | D:6      | Noticed a hippogriff
  2128 | D:6      | Killed a hippogriff
  2128 | D:6      | Reached XP level 9. HP: 60/78 MP: 10/10
  2137 | D:6      | Found a burning altar of Makhleb.
  2270 | D:7      | Noticed Prince Ribbit
  2278 | D:7      | Killed Prince Ribbit
  2434 | D:7      | Found Peutan's Magic Scroll Shoppe.
  2440 | D:7      | Bought a scroll of teleportation for 36 gold pieces
  2440 | D:7      | Bought a scroll of magic mapping for 42 gold pieces
  2440 | D:7      | Bought a scroll of identify for 24 gold pieces
  2440 | D:7      | Bought a scroll of identify for 24 gold pieces
  2477 | D:7      | Reached skill level 9 in Long Blades
  2556 | D:7      | Received a gift from Nemelex Xobeh
  2576 | D:7      | Found a runed door.
  2580 | D:7      | Reached **** piety under Nemelex Xobeh
  2580 | D:7      | Noticed Crazy Yiuf
  2584 | D:7      | Killed Crazy Yiuf
  2591 | D:7      | Got a dazzling mace
  2644 | D:7      | Found a staircase to the Ecumenical Temple.
  2781 | D:8      | Noticed a two-headed ogre
  2789 | D:8      | Killed a two-headed ogre
  2794 | D:8      | Identified the +5 mace "Sotoryst" {venom, rElec rF+ Str+4} (You found it on level 7 of the Dungeon)
  2888 | D:8      | Noticed Pikel
  2905 | D:8      | Killed Pikel
  2944 | D:8      | Found Dumneitt's Jewellery Boutique.
  2952 | D:8      | Found a sacrificial altar of Ru.
  2959 | D:8      | Reached XP level 10. HP: 19/86 MP: 12/12
  2981 | D:8      | Received a gift from Nemelex Xobeh
  3551 | D:9      | Received a gift from Nemelex Xobeh
  3599 | D:9      | Reached skill level 10 in Long Blades
  3613 | D:9      | Noticed a two-headed ogre
  3629 | D:9      | Killed a two-headed ogre
  3670 | D:9      | Reached ***** piety under Nemelex Xobeh
  3700 | D:9      | Found a staircase to the Lair.
  3754 | D:10     | Entered Level 10 of the Dungeon
  3775 | D:10     | Received a gift from Nemelex Xobeh
  3840 | D:10     | Noticed Maurice
  3863 | D:10     | Killed Maurice
  3897 | D:10     | Reached skill level 5 in Invocations
  3917 | D:10     | Noticed Erolcha
  3922 | D:10     | Thaneod: The apparition of 4thArraOfDagon the Fighter, a journeyman Halfling Wanderer of Gozag.
  3927 | D:10     | Killed Erolcha
  4100 | D:10     | Noticed a two-headed ogre
  4108 | D:10     | Killed a two-headed ogre
  4108 | D:10     | Reached skill level 11 in Long Blades
  4148 | D:11     | Noticed a two-headed ogre
  4159 | D:11     | Killed a two-headed ogre
  4159 | D:11     | Reached XP level 11. HP: 95/95 MP: 8/14
  4167 | D:11     | 4thArraOfDagon: avenge him!
  4223 | D:11     | Received a gift from Nemelex Xobeh
  4254 | D:11     | Found a blossoming altar of Fedhas.
  4331 | D:11     | Found a staircase to the Orcish Mines.
  4429 | D:11     | Noticed a white ugly thing
  4436 | D:11     | Killed a white ugly thing
  4567 | D:11     | Noticed a two-headed ogre
  4574 | D:11     | Killed a two-headed ogre
  4586 | D:11     | Received a gift from Nemelex Xobeh
  4740 | D:12     | Noticed Azrael
  4741 | D:12     | :O
  4747 | D:12     | Killed Azrael
  4747 | D:12     | Reached skill level 12 in Long Blades
  4880 | D:12     | Found a frozen archway.
  4896 | IceCv    | Entered an ice cave
  5172 | IceCv    | Gained mutation: You possess an exceptional clarity of mind. [potion of mutation]
  5172 | IceCv    | Gained mutation: Scrolls take you a little longer to read. [potion of mutation]
  5172 | IceCv    | Gained mutation: Your body sometimes deteriorates upon taking damage. [potion of mutation]
  5172 | IceCv    | Gained mutation: Your spells are a little harder to cast, but a little more powerful. [potion of mutation]
  5173 | IceCv    | Lost mutation: Scrolls take you a little longer to read. [potion of mutation]
  5173 | IceCv    | Lost mutation: Your body sometimes deteriorates upon taking damage. [potion of mutation]
  5173 | IceCv    | Lost mutation: Your spells are a little harder to cast, but a little more powerful. [potion of mutation]
  5173 | IceCv    | Gained mutation: Your flesh is heat resistant. (rF+) [potion of mutation]
  5173 | IceCv    | Gained mutation: You are clumsy. (Dex -2) [potion of mutation]
  5173 | IceCv    | Gained mutation: You have sharp toenails. [potion of mutation]
  5304 | IceCv    | Reached skill level 13 in Long Blades
  5410 | IceCv    | Reached skill level 10 in Fighting
  5494 | IceCv    | Noticed a frost giant
  5516 | IceCv    | Reached XP level 12. HP: 94/106 MP: 12/16
  5540 | IceCv    | Killed a frost giant
  5761 | D:12     | Noticed Snorg
  5897 | D:12     | Noticed a two-headed ogre
  5906 | D:12     | Killed a two-headed ogre
  5923 | D:12     | Noticed a five-headed hydra
  5930 | D:12     | Killed a five-headed hydra
  6007 | D:12     | Killed Snorg
  6007 | D:12     | Reached skill level 14 in Long Blades
  6074 | D:12     | Noticed Nessos
  6090 | D:12     | Killed Nessos
  6096 | D:12     | Received a gift from Nemelex Xobeh
  6189 | D:13     | Noticed a death knight
  6217 | D:13     | Reached skill level 10 in Dodging
  6243 | D:13     | Killed a death knight
  6383 | D:13     | Found Musa's Distillery.
  6387 | D:13     | Bought 2 potions of haste for 320 gold pieces
  6387 | D:13     | Bought a potion of berserk rage for 80 gold pieces
  6387 | D:13     | Bought a potion of haste for 160 gold pieces
  6462 | D:13     | Found Xeiso's Book Emporium.
  6543 | D:13     | Found Gazoas's General Store.
  6543 | D:13     | Found Daofy's Magic Scroll Shop.
  6585 | D:13     | Received a gift from Nemelex Xobeh
  6655 | D:13     | Found Diroz's Jewellery Shoppe.
  6875 | D:14     | Received a gift from Nemelex Xobeh
  6924 | D:14     | Found Rileret's Antique Weapon Shop.
  7099 | D:14     | Received a gift from Nemelex Xobeh
  7133 | D:15     | Entered Level 15 of the Dungeon
  7133 | D:15     | Noticed a two-headed ogre
  7141 | D:15     | Killed a two-headed ogre
  7141 | D:15     | Reached skill level 15 in Long Blades
  7237 | D:14     | Reached XP level 13. HP: 108/116 MP: 18/18
  7239 | D:14     | Got a transparent bronze amulet
  7334 | D:14     | Reached ****** piety under Nemelex Xobeh
  7559 | Orc:1    | Entered Level 1 of the Orcish Mines
  7659 | Orc:1    | Noticed Gastronok
  7661 | Orc:1    | Noticed a stone giant
  7698 | Orc:1    | Killed a stone giant
  7702 | Orc:1    | Killed Gastronok
  7724 | Orc:1    | Received a gift from Nemelex Xobeh
  7788 | Orc:1    | Found Qoerirhu's Jewellery Boutique.
  7839 | Orc:2    | Entered Level 2 of the Orcish Mines
  7852 | Orc:2    | Noticed an ettin
  7864 | Orc:2    | Killed an ettin
  8189 | Orc:2    | Reached skill level 16 in Long Blades
  8339 | Orc:2    | Reached skill level 10 in Invocations
  8431 | Orc:2    | Found a staircase to the Elven Halls.
  8584 | Orc:1    | Noticed an orc warlord
  8687 | Orc:2    | Reached skill level 17 in Long Blades
  8693 | Orc:2    | Received a gift from Nemelex Xobeh
  8734 | Orc:2    | Reached XP level 14. HP: 112/127 MP: 4/20
  8759 | Orc:2    | Found Ydots's Armour Boutique.
  8759 | Orc:2    | Found Wodazuqu's Food Shoppe.
  8760 | Orc:2    | Found Buhaox's Antique Weapon Shoppe.
  8760 | Orc:2    | Found Deijuh's Weapon Shop.
  8772 | Orc:2    | Bought a glowing great sword for 275 gold pieces
  8864 | Orc:2    | Identified the amulet "Bitron" {Reflect MR- Dex+6 SH+3} (You took it off a meliai on level 14 of the Dungeon)
  9054 | Lair:1   | Entered Level 1 of the Lair of Beasts
  9141 | Lair:1   | Found a dark tunnel.
  9149 | Volcano  | Entered a volcano
  9391 | Volcano  | Found a radiant altar of Vehumet.
  9465 | Volcano  | Found a radiant altar of Vehumet.
  9622 | Lair:1   | HP: 2/129 [five-headed hydra (9)]
  9725 | Lair:1   | magipi: damn
  9763 | Lair:2   | 4thArraOfDagon: i forgot
  9763 | Lair:2   | 4thArraOfDagon: to turn on notifications, bbrb
  9763 | Lair:2   | 4thArraOfDagon: done
  9781 | Lair:2   | Reached skill level 18 in Long Blades
  9878 | Lair:2   | Received a gift from Nemelex Xobeh
 10176 | Lair:3   | Found a staircase to the Shoals.
 10412 | Lair:4   | Received a gift from Nemelex Xobeh
 10496 | Lair:4   | Identified the ring of Dithmenos's Pride {rCorr rPois Dex+6} (You found it on level 4 of the Lair of Beasts)
 10532 | Lair:4   | Got a twisted scimitar
 10533 | Lair:4   | Identified the cursed +1 scimitar of Causality {flame, rElec MR+} (You found it on level 4 of the Lair of Beasts)
 10534 | Lair:4   | :(
 10639 | Lair:4   | Received a gift from Nemelex Xobeh
 10758 | Lair:5   | Reached skill level 19 in Long Blades
 11077 | Lair:5   | Received a gift from Nemelex Xobeh
 11150 | Lair:5   | Found a viscous altar of Jiyva.
 11150 | Lair:5   | Found a staircase to the Slime Pits.
 11174 | Lair:6   | Entered Level 6 of the Lair of Beasts
 11177 | Lair:6   | Noticed dstrtnsr's ghost (journeyman DDFi)
 11179 | Lair:6   | Thaneod: lag;/
 11179 | Lair:6   | 4thArraOfDagon: !lg dstrtnsr ddfi place=lair -log
 11179 | Lair:6   | XtahuaRules: 3. dstrtnsr, XL13 DDFi, T:8602: https://crawl.xtahua.com/crawl/morgue/dstrtnsr/morgue-dstrtnsr-20180602-205429.txt
 11199 | Lair:6   | Killed dstrtnsr's ghost
 11375 | Lair:6   | Identified a scroll of acquirement
 11377 | Lair:6   | Got a pitted triple sword
 11378 | Lair:6   | Identified the +10 triple sword "Jutoporph" {protect, *Corrode rPois rC+ MR+ Stlth+} (You acquired it on level 6 of the Lair of Beasts)
 11473 | Lair:6   | Reached skill level 20 in Long Blades
 11573 | Lair:6   | Reached XP level 15. HP: 133/135 MP: 8/21
 11585 | Lair:6   | Got a slimy robe
 11682 | Lair:6   | Received a gift from Nemelex Xobeh
 11807 | Lair:6   | Received a gift from Nemelex Xobeh
 11952 | Lair:6   | Reached skill level 21 in Long Blades
 12023 | Lair:6   | Identified Wumuditic's Handbook of Darkness and Intoxication
 12040 | Lair:6   | Identified the cursed +0 robe of Lifelessness {MR- rCorr Int+5} (You found it on level 6 of the Lair of Beasts)
 12354 | Elf:1    | Entered Level 1 of the Elven Halls
 12370 | Elf:1    | Received a gift from Nemelex Xobeh
 12476 | Elf:3    | Entered Level 3 of the Elven Halls
 12677 | Elf:3    | Reached skill level 22 in Long Blades
 12779 | Elf:3    | Found a magical portal.
 12788 | WizLab   | Entered Wucad Mu's Monastery
 12792 | WizLab   | uhh
 12809 | WizLab   | Noticed a grey draconian monk
 12855 | Elf:3    | whaty
 12860 | Elf:3    | Noticed a deep elf blademaster
 12877 | Elf:3    | Killed a deep elf blademaster
 12899 | Elf:3    | Noticed a deep elf sorcerer
 12913 | Elf:3    | Killed a deep elf sorcerer
 12952 | Elf:3    | Noticed a deep elf blademaster
 12963 | Elf:3    | Identified the +2 robe "Hyrusch" {Stlth+} (You took it off a deep elf mage on level 3 of the Elven Halls)
 13004 | Elf:3    | Received a gift from Nemelex Xobeh
 13118 | Elf:3    | Noticed a deep elf sorcerer
 13141 | Elf:3    | Killed a deep elf sorcerer
 13193 | Elf:3    | Reached skill level 23 in Long Blades
 13212 | Elf:3    | Noticed a deep elf master archer
 13235 | Elf:3    | Noticed a deep elf master archer
 13237 | Elf:3    | Noticed an Ice Fiend
 13248 | Elf:3    | Killed a deep elf blademaster
 13250 | Elf:3    | Shot with an arrow by a deep elf master archer

Vault maps used:
D:1:      nagdon_arrival_double_spiral, moated_statue
D:2:      chequers_ecumenical_altar_simple_redux,
          nicolae_qazlal_eye_of_the_storm
D:3:      minitemple, minmay_misc_feat_x, uniq_natasha
D:5:      first_ration, guppyfry_early_orc_mine, uniq_duvessa, uniq_sigmund,
          uniq_eustachio
D:6:      lemuel_coloured_pillars_altar, basic_altar, uniq_blork_the_orc,
          uniq_edmund
D:7:      minmay_temple_entry_junction, serial_shops, kennysheep_little_box,
          minivault_25, kennysheep_generic_room_7, uniq_prince_ribbit1,
          uniq_crazy_yiuf_cottage
D:8:      serial_shops, shop, the_bakery, nicolae_ru_sacrificial_ziggurat,
          uniq_pikel
D:9:      lair_entry_dummy
D:10:     uniq_erolcha, uniq_maurice
D:11:     orc_0_dummy, fedhas_altar_2
D:12:     portal_ice_cave_entry_ice_beasts, uniq_snorg, uniq_nessos, uniq_azrael
D:13:     lightli_vaults_fourway_checkpoint, serial_shops, shop, shop,
          nicolae_shop_crystal, shop, nicolae_shop_crystal
D:14:     serial_shops, nicolae_shop_overgrown_old_shop, minmay_misc_feat_tower
D:15:     hangedman_depths_entry_civil_slaughter, hex_tiny, uniq_urug,
          uniq_josephine
Lair:1:   nicolae_volcano_entry_two_sided, uniq_sonja
Lair:2:   minmay_snake_entry_guardpost_small
Lair:3:   elwin_shoals_entry_rocks, grunt_megastairs_2
Lair:5:   slime_altar_1, lemuel_fruit_fields, lemuel_fruit_tree
Lair:6:   hangedman_lair_caniforms_friends, hangedman_lair_in_review
Orc:1:    serial_shops, nicolae_shop_crystal, uniq_gastronok
Orc:2:    st_orc_ogre_mass
Elf:1:    elf_arrival_002, hangedman_elf_represent
Elf:3:    grunt_elf_hall_branching, mu_enter_wizlab_3, item_on_display_a,
          uniq_asterion
IceCv:    ice_cave_small_giant
Volcano:  volcano_grotto
WizLab:   wizlab_wucad

Skill      XL: |  1  2  3  4  5  6  7  8  9 10 11 12 13 14 15 |
---------------+----------------------------------------------+-----
Long Blades    | 4 5 6 7 8 9 11 13 15 17 20 23 | 23.0
Fighting       | 4 5 6 7 8 10 11 12 13 | 13.0
Dodging        | 4 5 6 7 9 10 | 10.4
Invocations    | 1 2 3 4 5 7 8 10 | 10.4
Necromancy     | 1 2 4 |  4.1
Charms         | 1 2 3 4 |  4.0
Spellcasting   | 1 2 3 |  3.0
Stealth        | |  1.5

Action                   |  1- 3 |  4- 6 |  7- 9 | 10-12 | 13-15 || total
-------------------------+-------+-------+-------+-------+-------++-------
Melee: Falchion          |    44 |    56 |       |       |       ||   100
       Headbutt          |     3 |    26 |    32 |   124 |   225 ||   410
       Long sword        |       |    47 |   219 |   395 |       ||   661
       Kick              |       |       |       |    75 |   326 ||   401
       Scimitar          |       |       |       |   122 |   566 ||   688
       Triple sword      |       |       |       |       |   285 ||   285
       Great sword       |       |       |       |       |    12 ||    12
 Cast: Regeneration      |       |       |       |    54 |   168 ||   222
Invok: Stack Five        |       |       |       |     1 |     7 ||     8
 Abil: Evoke Invisibilit |       |       |       |     1 |       ||     1
Evoke: Deck              |       |     1 |    10 |    51 |    32 ||    94
       Wand              |       |       |     6 |     9 |       ||    15
  Use: Potion            |     2 |     1 |     4 |     5 |     3 ||    15
       Scroll            |     1 |       |    11 |    16 |    22 ||    50
 Stab: Sleeping          |     1 |       |       |     1 |     7 ||     9
       Paralysed         |       |       |       |     3 |       ||     3
       Distracted        |       |       |       |     2 |     3 ||     5
       Invisible         |       |       |       |     2 |       ||     2
       Petrifying        |       |       |       |     1 |       ||     1
       Petrified         |       |       |       |       |    11 ||    11
  Eat: Chunk             |       |     1 |     7 |    21 |    39 ||    68
       Ration            |       |       |       |     1 |     2 ||     3
Armor: Robe              |    11 |       |       |       |       ||    11
       Ring mail         |       |    48 |    62 |    10 |       ||   120
       Skin              |       |       |    39 |       |       ||    39
       Troll leather arm |       |       |       |    77 |   123 ||   200
Dodge: Dodged            |    45 |    99 |   124 |   413 |   659 ||  1340
Block: Other             |       |       |       |       |    62 ||    62
       Reflection        |       |       |       |       |     1 ||     1
       Rpst.: Falchion   |    13 |    16 |       |       |       ||    29
       Long sword        |       |    11 |    34 |    79 |       ||   124
       Scimitar          |       |       |       |    20 |    83 ||   103
       Triple sword      |       |       |       |       |    56 ||    56
       Great sword       |       |       |       |       |     5 ||     5

Table legend:
 A = Spawn XP
 B = Non-spawn XP
 C = Spawn XP percentage of total XP
 D = Spawn monster count
 E = Non-spawn monster count
 F = Spawn count percentage of total count
 G = Total turns spent on level
                    A         B        C        D         E        F      G
               +---------+---------+-------+---------+---------+-------+---------
         Total |       0 |  152380 |   0.0 |       0 |     697 |   0.0 | 13250
               +---------+---------+-------+---------+---------+-------+---------
           D:1 |       0 |      36 |   0.0 |       0 |      20 |   0.0 |   377
           D:2 |       0 |     148 |   0.0 |       0 |      11 |   0.0 |   224
           D:3 |       0 |      53 |   0.0 |       0 |      13 |   0.0 |   188
           D:4 |       0 |     329 |   0.0 |       0 |      17 |   0.0 |   358
           D:5 |       0 |     610 |   0.0 |       0 |      10 |   0.0 |   433
           D:6 |       0 |    1273 |   0.0 |       0 |      23 |   0.0 |   438
           D:7 |       0 |    1289 |   0.0 |       0 |      38 |   0.0 |   744
           D:8 |       0 |    2402 |   0.0 |       0 |      18 |   0.0 |   605
           D:9 |       0 |    1168 |   0.0 |       0 |      16 |   0.0 |   469
          D:10 |       0 |    2889 |   0.0 |       0 |      28 |   0.0 |   444
          D:11 |       0 |    3755 |   0.0 |       0 |      28 |   0.0 |   734
          D:12 |       0 |    8226 |   0.0 |       0 |      55 |   0.0 |   674
          D:13 |       0 |    4413 |   0.0 |       0 |      23 |   0.0 |   616
          D:14 |       0 |    4227 |   0.0 |       0 |      39 |   0.0 |   599
          D:15 |       0 |    1030 |   0.0 |       0 |       2 |   0.0 |    88
        Lair:1 |       0 |    2389 |   0.0 |       0 |       8 |   0.0 |   366
        Lair:2 |       0 |    2451 |   0.0 |       0 |      13 |   0.0 |   359
        Lair:3 |       0 |    1199 |   0.0 |       0 |       5 |   0.0 |   247
        Lair:4 |       0 |    5516 |   0.0 |       0 |      20 |   0.0 |   440
        Lair:5 |       0 |    7760 |   0.0 |       0 |      26 |   0.0 |   466
        Lair:6 |       0 |   27825 |   0.0 |       0 |     100 |   0.0 |   941
         Orc:1 |       0 |    5124 |   0.0 |       0 |      13 |   0.0 |   454
         Orc:2 |       0 |   22444 |   0.0 |       0 |      79 |   0.0 |   955
         Elf:1 |       0 |    3526 |   0.0 |       0 |       5 |   0.0 |   107
         Elf:2 |       0 |     563 |   0.0 |       0 |       1 |   0.0 |    17
         Elf:3 |       0 |   28515 |   0.0 |       0 |      33 |   0.0 |   744
         IceCv |       0 |    7830 |   0.0 |       0 |      36 |   0.0 |   798
       Volcano |       0 |    5390 |   0.0 |       0 |      17 |   0.0 |   337
               +---------+---------+-------+---------+---------+-------+---------
